Map: 에버 드림 - 래더

Players

lllllllllll (sOs) - Winner!

  • Race: Protoss Protoss
  • League: Grandmaster
  • Spawn Location: 7:00

INnoVation

  • Race: Terran Terran
  • League: Grandmaster
  • Spawn Location: 1:00

Event: War Chest Team League

VOD

Have the link to the VOD?

Description

Time

  • Played on: July 24, 2020, 11:20 a.m.
  • Length: 12:58
Show
View Real Time Build Order
Export as new Build Order

lllllllllll Protoss - Winner!

Build Orders: 1 Gate Expand, Blink Stalkers 

Get SALT Encoding   

  12  0:00  Probe  
  13  0:13  Probe  
  14  0:17  Pylon  
  14  0:23  Probe  
  15  0:31  Probe  
  16  0:38  Gateway  
  16  0:39  Probe  
  16  0:45  Assimilator  
  17  0:51  Probe  
  18  1:04  Probe  
  19  1:16  Probe  
  20  1:26  Cybernetics Core  
  20  1:31  Nexus  
  20  1:34  Probe  
  21  1:41  Pylon  
  21  1:46  Probe  
  22  1:48  Assimilator  
  22  1:52  Stalker  
  21  1:58  Probe  
  22  2:02  Warp Gate  
  24  2:11  Probe  
  25  2:22  Stalker  
  27  2:23  Probe  
  28  2:35  Twilight Council, Probe  
  29  2:39  Probe  
  29  2:43  Blink, Probe  
  31  2:51  Probe x2  
  33  2:58  Stalker  
  33  2:59  Gateway  
  33  3:01  Probe  
  33  3:03  Probe  
  37  3:15  Probe x2  
  39  3:27  Probe x2  
  39  3:33  Robotics Facility  
  41  3:36  Pylon  
  41  3:40  Probe x2  
  43  3:41  Pylon  
  43  3:47  Assimilator  
  43  3:52  Probe x2  
  45  3:55  Sentry  
  47  4:04  Nexus  
  47  4:05  Probe x2  
  47  4:09  Stalker  
  51  4:20  Probe x2  
  51  4:24  Stalker, Observer  
  54  4:25  Pylon  
  56  4:32  Probe x2  
  56  4:37  Gateway  
  58  4:38  Gateway  
  58  4:44  Stalker  
  58  4:45  Probe x2, Observer  
  63  4:47  Stalker  
  65  5:00  Probe x2  
  65  5:01  Forge  
  65  5:04  Protoss Ground Weapons Level 1, Observer  
  67  5:08  Charge, Warp Prism, Observer  
  69  5:18  Gateway x2  
  69  5:20  Observer  
  69  5:22  Gateway  
  69  5:25  Observer  
  69  5:28  Observer  
  69  5:33  Gateway  
  69  5:35  Probe x2  
  71  5:36  Sentry x2, Zealot  
  77  5:52  Immortal  
  77  5:56  Probe x3  
  84  5:58  Pylon  
  84  6:07  Pylon  
  84  6:08  Observer  
  84  6:16  Photon Cannon  
  84  6:19  Zealot x4  
  84  6:20  Observer  
  84  6:22  Shield Battery  
  92  6:30  Zealot x4  
  100  6:33  Templar Archives  
  100  6:35  Pylon  
  100  6:40  Pylon  
  100  6:51  Pylon  
  100  6:52  Pylon  
  100  6:55  Probe  
  100  6:56  Zealot x4  
  109  7:08  Zealot x4  
  115  7:09  Immortal  
  113  7:23  Stalker  
  113  7:24  Zealot x3  
  107  7:34  Stalker  
  107  7:35  Stalker x3  
  93  7:46  Zealot x4  
  101  7:59  Zealot x4  
  89  8:15  Stalker  
  89  8:16  Stalker x3  
  93  8:26  Sentry  
  94  8:29  Nexus  
  94  8:33  Observer  
  73  8:51  Pylon  
  59  9:48  Gateway  
  57  10:10  Nexus  
  55  10:44  Gateway  
  55  10:46  Gateway  
  55  10:48  Gateway  
  55  10:50  Pylon  
  55  11:27  Pylon  
  55  11:28  Pylon  
  55  11:31  Gateway  
  55  11:33  Nexus  
  55  11:35  Observer  
  55  11:45  Probe  
  52  11:47  Zealot x4  
  56  11:54  Observer  
  54  12:05  Probe  
  55  12:13  Zealot x4  
  63  12:19  Pylon  
  63  12:20  Pylon  
  63  12:22  Pylon  
  60  12:36  Zealot x2  
  62  12:39  Zealot  
Show
View Real Time Build Order
Export as new Build Order

INnoVation Terran 

Build Orders:  

Get SALT Encoding   

  12  0:00  SCV  
  13  0:12  SCV  
  14  0:17  Supply Depot  
  14  0:24  SCV  
  15  0:38  SCV  
  15  0:41  Barracks  
  16  0:43  Refinery  
  16  0:50  SCV  
  17  1:02  SCV  
  18  1:14  SCV  
  19  1:27  Marine, Orbital Command  
  20  1:44  Command Center  
  20  1:46  Barracks Reactor  
  20  1:53  SCV  
  21  1:58  Supply Depot  
  21  2:05  SCV  
  22  2:09  Factory  
  22  2:15  Refinery  
  22  2:17  SCV  
  22  2:22  Marine x2  
  25  2:29  SCV  
  26  2:40  Marine x2  
  26  2:41  SCV  
  29  2:54  Starport  
  29  2:55  Widow Mine  
  29  2:56  SCV  
  32  2:59  Orbital Command  
  32  3:04  Marine x2  
  34  3:08  SCV  
  35  3:17  Factory Tech Lab  
  35  3:20  SCV  
  35  3:22  Marine x2  
  35  3:25  SCV  
  37  3:32  Barracks, SCV  
  38  3:37  SCV  
  38  3:38  Supply Depot, Raven  
  41  3:42  Factory Tech Lab  
  41  3:45  SCV  
  41  3:46  Marine  
  41  3:47  Marine  
  44  3:49  SCV  
  45  3:59  SCV  
  45  4:00  Barracks  
  45  4:01  Supply Depot, SCV  
  47  4:05  Marine x2  
  47  4:09  Engineering Bay  
  49  4:11  Factory Tech Lab  
  49  4:14  SCV x2  
  51  4:20  Refinery  
  51  4:23  Marine  
  51  4:24  Supply Depot, Marine  
  53  4:27  SCV x2  
  53  4:30  Stimpack  
  55  4:35  Siege Tank  
  55  4:38  Terran Infantry Weapons Level 1  
  58  4:42  SCV x2  
  60  4:45  Bunker  
  60  4:49  Starport Reactor  
  60  4:50  Marine x2  
  62  4:58  Supply Depot  
  62  5:01  SCV x2  
  64  5:07  Siege Tank  
  64  5:08  Marine x3  
  70  5:15  Supply Depot  
  70  5:16  Combat Shield  
  70  5:19  Marine  
  70  5:20  SCV x2  
  73  5:22  Supply Depot  
  73  5:24  Barracks  
  73  5:27  Barracks  
  73  5:33  SCV x2  
  75  5:36  Refinery  
  75  5:37  Marine x2  
  75  5:39  Siege Tank  
  75  5:41  Marine x2  
  82  5:49  Supply Depot, Medivac  
  84  5:53  Medivac  
  84  5:56  Marine x2  
  88  5:59  Marine x2  
  88  6:01  Supply Depot  
  88  6:02  Supply Depot  
  90  6:11  Siege Tank  
  90  6:12  Supply Depot, Marine  
  90  6:13  Marine  
  90  6:14  Marine x2  
  90  6:17  Marine  
  98  6:20  Medivac  
  100  6:25  Medivac  
  100  6:27  Supply Depot  
  100  6:29  Marine  
  100  6:30  Marine  
  100  6:31  Marine x3  
  107  6:35  Terran Infantry Armor Level 1, Marine  
  107  6:47  Marine  
  107  6:48  Marine  
  107  6:49  Marine x3  
  107  6:51  Siege Tank  
  107  6:53  Marine  
  116  7:00  Medivac  
  118  7:05  Marine x2  
  118  7:07  Marine x3  
  117  7:10  Marine  
  117  7:12  Medivac  
  118  7:23  Marine x2  
  118  7:25  Marine x3  
  118  7:28  Marine  
  107  7:41  Marine x2  
  107  7:42  Medivac, Marine  
  107  7:43  Marine x2  
  113  7:46  Marine  
  113  7:59  Marine x2  
  113  8:00  Marine  
  113  8:02  Marine  
  113  8:03  Marine  
  113  8:04  Marine  
  37  12:07  Orbital Command  
Tags
 
Add a new tag
Caveats
  • Supply blocks, unpowered buildings, or Contaminate may cause inaccurate times.
  • Supply counts are checked every 10 seconds.